 Dungeon Crawl Stone Soup version 0.26-a0-834-g69557b85cc (webtiles) character file.

Game seed: 7172533478624616035

2540 robertstho the Thaumaturge (level 9, -8/72 HPs)
             Began as a Deep Elf Fire Elementalist on Nov 16, 2020.
             Mangled by Harold
             ... wielding a +0 trident
              (12 damage)
             ... on level 7 of the Dungeon.
             The game lasted 00:11:41 (6617 turns).

robertstho the Thaumaturge (DEFE)                   Turns: 6617, Time: 00:11:42

Health: -8/72      AC:  6    Str:  5    XL:     9   Next: 30%
Magic:  6/23       EV: 16    Int: 24    God:
Gold:   225        SH:  0    Dex: 21    Spells: 12/25 levels left

rFire    . . .     SeeInvis .   f - +2 short sword (venom)
rCold    . . .     Faith    .   (no shield)
rNeg     . . .     Spirit   .   t - +0 steam dragon scales
rPois    .         Reflect  .   (no helmet)
rElec    .         Harm     .   (no cloak)
rCorr    .         Rampage  .   (no gloves)
MR       .....                  b - +0 pair of boots
Stlth    ..........             (no amulet)
HPRegen  0.22/turn              e - +6 ring of dexterity
MPRegen  0.18/turn              (no ring)

@: berserking (expiring), marked, very quick
A: no striking features
a: no special abilities


You were on level 7 of the Dungeon.
You visited 1 branch of the dungeon, and saw 6 of its levels.

You collected 225 gold pieces.

Inventory:

Hand Weapons
 f - a +2 short sword of venom (weapon)
Armour
 b - a +0 pair of boots (worn)
 t - +0 steam dragon scales (worn)
Jewellery
 e - a +6 ring of dexterity (left hand)
Wands
 r - a wand of digging (4)
Scrolls
 c - 2 scrolls of noise {unknown}
 d - 2 scrolls of enchant armour {unknown}
 g - a scroll of immolation {unknown}
 h - a scroll of acquirement {unknown}
 i - a scroll of amnesia {unknown}
 j - 2 scrolls of remove curse {unknown}
 k - a scroll of enchant weapon {unknown}
 l - 2 scrolls of blinking {unknown}
 m - 4 scrolls of identify
 n - 2 scrolls of teleportation {unknown}
 q - a scroll of summoning {unknown}
Potions
 p - a potion of berserk rage
 s - a potion of magic {unknown}


   Skills:
 + Level 2.0 Fighting
 + Level 3.2 Short Blades
 + Level 5.0 Dodging
 + Level 4.6 Stealth
 + Level 8.9 Spellcasting
 + Level 6.4 Conjurations
 + Level 7.7 Fire Magic


You had 12 spell levels left.
You knew the following spells:

 Your Spells              Type           Power        Failure   Level
a - Foxfire               Conj/Fire      ####         1%          1
b - Conjure Flame         Conj/Fire      #####...     1%          3
c - Sticky Flame          Conj/Fire      #####...     3%          4
d - Fireball              Conj/Fire      #####.....   9%          5

Your spell library contained the following spells:

 Spells                   Type           Power        Failure   Level
 Inner Flame              Hex/Fire       ####....     3%          3


Dungeon Overview and Level Annotations

Branches:
Dungeon (7/15)
 Temple: D:4-7

Altars:
Elyvilon
Hepliaklqana
Kikubaaqudgha
Nemelex Xobeh
Okawaru
Yredelemnul

Shops:
D:4 [

Annotations:
D:7 Harold


Message History

Harold says happily, "The price on your head will fill my nest egg nicely!"
Harold hits you from afar with a +0 trident!
* * * LOW HITPOINT WARNING * * *
You feel better.
Harold points at you and mumbles some strange words.
A sentinel's mark forms upon you.
It was a potion of berserk rage.
A red film seems to cover your vision as you go berserk!
You feel yourself moving faster!
You feel mighty!
Harold hits you from afar with a +0 trident!
* * * LOW HITPOINT WARNING * * *
You struggle against the net.
You feel a strong urge to attack something.
You shred the net and break free!
Harold looks eager to get this over with.
Harold hits you from afar with a +0 trident!
* * * LOW HITPOINT WARNING * * *
You feel your anger nearly subside. Harold hits you with a +0 trident!
You die...

..........## #
.........##
...####...## ###
##...# # #...# ###
##..### ##..
##)....## ##...
##.()....## ##...#
#.@........###...##
#.@....#...<.....##
#.....#####...>..####
#.....## #......##...
#.....##
............. .......
............. ......#
..(.......... .....#
[#...........
#...........


You could see Harold.

Vanquished Creatures
  Pikel (D:4)
  Maggie (D:7)
  An ice beast (D:6)
  3 ogres
  A phantom (D:6)
  A lemure (D:4)
  3 bullfrogs
  Blork the orc (D:5)
  2 scorpions (D:4)
  2 howler monkeys (D:7)
  A bullfrog zombie (D:7)
  A jelly (D:5)
  7 orc priests
  2 hounds (D:4)
  6 orc wizards
  2 iguanas
  6 worker ants
  A hound skeleton (D:4)
  A worker ant zombie (D:6)
  4 gnolls
  7 adders
  2 white imps
  2 oozes (D:4)
  2 worms
  A dart slug (D:1)
  3 leopard geckos
  24 orcs
  4 bats
  3 giant cockroaches
  3 goblins (D:1)
  4 hobgoblins (D:1)
  6 jackals
  A quokka (D:7)
  A ball python (D:5)
  4 frilled lizards
  5 kobolds (D:1)
  A leopard gecko skeleton (D:2)
  A leopard gecko zombie (D:6)
  3 rats
124 creatures vanquished.

Vanquished Creatures (others)
  416 foxfires
416 creatures vanquished.

Grand Total: 540 creatures vanquished

Notes
Turn   | Place    | Note
-------+----------+-------------------------------------------
     0 | D:1      | robertstho the Deep Elf Fire Elementalist began the quest
                  | for the Orb.
     0 | D:1      | Reached XP level 1. HP: 10/10 MP: 6/6
   260 | D:1      | Reached XP level 2. HP: 15/15 MP: 2/8
  1083 | D:2      | Reached XP level 3. HP: 19/19 MP: 5/10
  1621 | D:2      | You fall into a shaft and drop 2 floors!
  1627 | D:4      | Noticed a scorpion
  1632 | D:4      | Killed a scorpion
  1633 | D:4      | Reached skill level 4 in Spellcasting
  1633 | D:4      | Reached XP level 4. HP: 24/24 MP: 6/12
  1679 | D:4      | Found an iron altar of Okawaru.
  1679 | D:4      | Found a basalt altar of Yredelemnul.
  1911 | D:4      | Reached XP level 5. HP: 24/28 MP: 13/13
  2106 | D:4      | Found Quwon's Armour Emporium.
  2118 | D:4      | Reached skill level 1 in Short Blades
  2212 | D:4      | Reached skill level 5 in Fire Magic
  2218 | D:4      | Reached XP level 6. HP: 32/32 MP: 2/15
  2225 | D:4      | Reached skill level 5 in Spellcasting
  2675 | D:5      | Entered Level 5 of the Dungeon
  2692 | D:5      | Reached XP level 7. HP: 28/37 MP: 9/17
  3037 | D:5      | Found a white marble altar of Elyvilon.
  3126 | D:5      | Reached skill level 6 in Spellcasting
  3162 | D:5      | Found a hazy altar of Hepliaklqana.
  3646 | D:5      | Noticed Pikel
  3648 | D:5      | Noticed Blork the orc
  3662 | D:4      | Learned a level 3 spell: Conjure Flame
  3667 | D:4      | Learned a level 4 spell: Sticky Flame
  3673 | D:4      | Learned a level 5 spell: Fireball
  3832 | D:4      | Killed Pikel
  3833 | D:4      | Reached skill level 1 in Fighting
  3833 | D:4      | Reached skill level 7 in Spellcasting
  3833 | D:4      | Reached skill level 5 in Conjurations
  3833 | D:4      | Reached XP level 8. HP: 38/43 MP: 7/21
  3944 | D:5      | Killed Blork the orc
  4442 | D:6      | Found an ancient bone altar of Kikubaaqudgha.
  4487 | D:6      | Found a sparkling altar of Nemelex Xobeh.
  4668 | D:6      | Found a sparkling altar of Nemelex Xobeh.
  4754 | D:6      | Reached skill level 8 in Spellcasting
  6130 | D:7      | Reached XP level 9. HP: 31/48 MP: 12/23
  6420 | D:7      | Noticed Maggie
  6437 | D:7      | Killed Maggie
  6438 | D:7      | Reached skill level 5 in Dodging
  6596 | D:7      | Noticed Harold
  6617 | D:7      | Mangled by Harold

Illustrated notes

Levels and vault maps discovered:
D:1:      moated_graveyard_arrival, layout_rooms, serial_rivers,
          chequers_serial_rivers_micro_a, chequers_serial_rivers_micro_c,
          chequers_serial_rivers_micro_b, chequers_serial_rivers_micro_b,
          chequers_serial_rivers_small_3
D:2:      layout_basic, nicolae_ru_sacrificial_ziggurat
D:4:      layout_basic, gammafunk_temple_overflow_statue, serial_shops, shop,
          minmay_bent
D:5:      layout_rooms, kennysheep_mini_moat, lemuel_crystal_altar, uniq_pikel,
          uniq_blork_the_orc
D:6:      layout_loops_corners, lemuel_crystal_altar, basic_altar,
          nemelex_spade_bored_becter
D:7:      layout_layer_cave, minmay_temple_entry_enclosed_plants, uniq_harold,
          uniq_maggie

Skill      XL: |  1  2  3  4  5  6  7  8  9 |
---------------+----------------------------+-----
Fire Magic     | 4 5 6 7 |  7.7
Spellcasting   | 4 5 7 8 |  8.9
Conjurations   | 3 5 6 |  6.4
Stealth        | 3 4 |  4.6
Short Blades   | 1 2 3 |  3.2
Dodging        | 3 4 5 |  5.0
Fighting       | 1 2 |  2.0

Action                   |  1- 3 |  4- 6 |  7- 9 || total
-------------------------+-------+-------+-------++-------
Melee: Short sword       |     2 |    37 |    68 ||   107
 Cast: Foxfire           |    70 |    45 |   127 ||   242
       Sticky Flame      |       |       |    20 ||    20
       Fireball          |       |       |     3 ||     3
  Use: Potion            |       |     6 |     4 ||    10
       Scroll            |       |       |     1 ||     1
 Stab: Sleeping          |       |     1 |     1 ||     2
Armor: Robe              |     1 |     7 |    11 ||    19
       Steam dragon scal |       |       |     1 ||     1
Dodge: Dodged            |     5 |    50 |    85 ||   140

Table legend: (Time is in decaauts)
 A = Elapsed time spent in this place.
 B = Non-inter-level travel time spent in this place.
 C = Inter-level travel time spent in this place.
 D = Time resting spent in this place.
 E = Time spent auto-exploring this place.
 F = Levels seen in this place.
 G = Mean time per level.
                   A        B        C        D        E       F      G
               +--------+--------+--------+--------+--------+-----+--------+
         Total |   6625 |   6460 |    165 |   1217 |   4369 |   6 | 1104.2 |
       Dungeon |   6625 |   6460 |    165 |   1217 |   4369 |   6 | 1104.2 |
               +--------+--------+--------+--------+--------+-----+--------+

Top non-repeatable levels by time:
     D:6: 2059 daAuts
     D:4: 1415 daAuts
     D:5: 1144 daAuts
     D:1: 942 daAuts
     D:2: 683 daAuts
     D:7: 381 daAuts
